AoeStats
← Nano

Black Forest

509967652Analyzed
2v2 RM · 5d ago on Sep 28, 2026· 73m 59s· 4 players
Game mode
Random Map
Map size
Medium (4 player)
Population
200
Speed
Normal
Resources
Standard
Victory
Conquest
Starting age
Dark Age
Ending age
Imperial Age
RankedLock teamsTeams togetherTeam positionsShared explorationLock speedFull tech treeHidden civsTurbo modeCheats
Victory
Defeat
🇺🇸 Huns · United States
483
+14
🇨🇦 Vikings · Canada
346
+20
🇩🇪 Tatars · Germany
484
-19
🇯🇴 Saxons · Jordan
382
-15
mmohamed2397
0:33 Loom
15:27 Feudal Age
16:49 Wheelbarrow
15:59 Horse Collar
16:41 Double-Bit Axe
17:19 Gold Mining
24:19 Castle Age
22:56 Forging
24:11 Scale Barding Armor
24:07 Scale Mail Armor
23:33 Man-at-Arms
25:23 Hand Cart
25:11 Heavy Plow
25:28 Bow Saw
25:30 Stone Mining
27:04 Town Watch
29:20 Chain Barding Armor
29:02 Padded Archer Armor
28:52 Fletching
29:45 Husbandry
36:08 Imperial Age
34:56 Fletching
35:06 Padded Archer Armor
36:47 Town Patrol
37:32 Parthian Tactics
38:01 Coinage
39:39 Leather Archer Armor
39:20 Bodkin Arrow
39:46 Chain Barding Armor
40:02 Iron Casting
40:45 Masonry
41:37 Chemistry
40:58 Guilds
41:20 Cavalier
42:02 Husbandry
42:42 Chain Mail Armor
43:32 Two-Man Saw
43:50 Conscription
50:57 Heavy Cavalry Archer
54:31 Paladin
QuintinStreet
0:48 Loom
18:18 Feudal Age
22:00 Double-Bit Axe
21:59 Horse Collar
22:25 Gold Mining
22:26 Stone Mining
25:12 Forging
27:03 Scale Mail Armor
27:10 Scale Barding Armor
27:52 Padded Archer Armor
27:43 Fletching
33:24 Castle Age
38:30 Iron Casting
38:10 Chain Mail Armor
38:12 Leather Archer Armor
37:53 Bodkin Arrow
38:19 Chain Barding Armor
39:53 Light Cavalry
45:50 Imperial Age
44:46 Gold Shaft Mining
44:14 Heavy Plow
44:31 Bow Saw
47:26 Siphons
47:12 Heated Shot
47:43 Ballistics
47:04 Treadmill Crane
47:35 Masonry
50:08 Cavalier
52:38 Chemistry
51:08 Elite Skirmisher
51:09 Crossbowman
52:55 Caravan
53:26 Coinage
53:46 Bogsveigar
58:22 Blast Furnace
57:53 Plate Mail Armor
57:54 Ring Archer Armor
57:25 Bracer
57:51 Chieftains
57:22 Sappers
58:21 Arbalester
58:54 Elite Berserk
60:09 Conscription
64:37 Onager
Nano
0:31 Loom
15:15 Feudal Age
16:31 Wheelbarrow
16:07 Gold Mining
16:34 Double-Bit Axe
16:54 Town Watch
17:34 Stone Mining
21:09 Horse Collar
24:34 Forging
24:15 Fletching
24:26 Scale Mail Armor
26:25 Scale Barding Armor
26:28 Man-at-Arms
26:54 Arson
30:22 Castle Age
29:19 Padded Archer Armor
31:22 Town Patrol
31:39 Bow Saw
31:56 Heavy Plow
32:06 Squires
31:38 Long Swordsman
33:36 Caravan
34:47 Gold Shaft Mining
34:30 Hand Cart
36:53 Coinage
41:38 Imperial Age
38:39 Pikeman
38:42 Crossbowman
39:32 Husbandry
40:20 Ballistics
40:14 Fortified Wall
40:16 Murder Holes
41:47 Bloodlines
40:58 Light Cavalry
43:31 Cavalier
43:44 Halberdier
43:45 Two-Handed Swordsman
45:38 Elite Steppe Lancer
45:51 Heavy Camel Rider
47:53 Conscription
47:34 Silk Armor
48:22 Capped Ram
49:23 Siege Ram
51:03 Timurid Siegecraft
52:40 Banking
52:26 Masonry
51:57 Treadmill Crane
52:23 Siege Engineers
52:09 Guard Tower
52:14 Heated Shot
53:35 Elite Keshik
54:02 Onager
58:12 Crop Rotation
yazeed_niva
13:07 Feudal Age
17:04 Man-at-Arms
17:30 Arson
20:29 Castle Age
22:55 Gambesons
38:44 Imperial Age
41:24 Elite Varangian Guard
71:37 Cranequins
Connection lost

Rejoining the realm…

Still unreachable

The connection could not be restored.

Session expired

The server has moved on; the page needs a fresh start.